 Dungeon Crawl Stone Soup version 0.32-a0-329-ge6c31236d6 (webtiles) character file.

Game seed: 12135507934224959633

582 retardedninja the Covered (level 7, -3/61 HPs)
             Began as a Mountain Dwarf Fighter on Feb 16, 2024.
             Was a Follower of Cheibriados.
             Slain by a river rat (5 damage)
             ... summoned by Eustachio
             ... on level 5 of the Dungeon.
             The game lasted 00:06:57 (3983 turns).

retardedninja the Covered (Mountain Dwarf Fighter)  Turns: 3983, Time: 00:06:57

Health: -3/61      AC: 13    Str: 23    XL:     7   Next: 14%
Magic:  7/7        EV:  8    Int: 12    God:    Cheibriados [*.....]
Gold:   324        SH:  5    Dex: 12    Spells: 6/6 levels left

rFire   . . .        a - +0 war axe
rCold   . . .        c - +0 buckler
rNeg    . . .        l - +0 chain mail
rPois   .            (no helmet)
rElec   .            u - +0 cloak
rCorr   .            i - +0 pair of gloves
SInv    .            k - +0 pair of boots
Will    .....        (no amulet) Stlth
                     (no ring)
HPRegen 0.30/turn    (no ring)
MPRegen 0.10/turn

%: no passive effects
@: very slow
A: runic magic, artefact enchanting
a: Renounce Religion, Bend Time


You were on level 5 of the Dungeon.
You worshipped Cheibriados.
Cheibriados was aware of your devotion.
You visited 2 branches of the dungeon, and saw 6 of its levels.

You collected 324 gold pieces.

Inventory:

Hand Weapons
 a - a +0 war axe (weapon)
Armour
 c - a +0 buckler (worn)
 i - a +0 pair of gloves (worn)
 k - a +0 pair of boots (worn)
 l - a +0 chain mail (worn)
 u - a +0 cloak (worn)
Jewellery
 j - a ring of resist corrosion
 t - a ring of magical power
Scrolls
 d - a scroll of acquirement {unknown}
 g - 4 scrolls of identify {unknown}
 h - 3 scrolls of teleportation {unknown}
 n - a scroll of immolation {unknown}
 o - 2 scrolls of vulnerability {unknown}
 q - a scroll of fear {unknown}
 w - a scroll of enchant weapon {unknown}
 x - a scroll of brand weapon {unknown}
 y - a scroll of butterflies {unknown}
Potions
 b - a potion of haste {unknown}
 e - a potion of cancellation {unknown}
 f - a potion of magic {unknown}
 m - a potion of lignification {unknown}
 p - a potion of mutation {unknown}
 r - a potion of ambrosia {unknown}
 s - a potion of degeneration {unknown}


   Skills:
 + Level 5.3 Fighting
 + Level 5.1 Axes
 + Level 5.3 Armour
 + Level 5.3 Shields


You had 6 spell levels left.
You didn't know any spells.
Your spell library contained the following spells:

 Spells                   Type           Power      Damage    Failure   Level
 Apportation              Tloc           0%         N/A       52%         1
 Necrotise                Necr           0%         1d4       52%         1
 Sting                    Conj/Alch      0%         1d3       52%         1
 Summon Small Mammal      Summ           0%         N/A       52%         1
 Call Imp                 Summ           0%         N/A       65%         2
 Sublimation of Blood     Necr           0%         N/A       65%         2
 Summon Hydra             Summ           0%         N/A       100%        7


Dungeon Overview and Level Annotations

Branches:
Dungeon (5/15)             Temple (1/1) D:4

Altars:
Cheibriados
Dithmenos
Gozag
Kikubaaqudgha
Makhleb
Nemelex Xobeh
Okawaru
Qazlal
Ru
Sif Muna
Trog
Uskayaw
Vehumet
Wu Jian
Xom
Yredelemnul
Zin

Shops:
D:2 :

Annotations:
D:5 4 runed translucent doors, Crazy Yiuf; Eustachio; Newt's ghost, novice GrFi


Innate Abilities, Weirdness & Mutations

Your spellcasting is much less encumbered by armour.
You can use scrolls of enchantment on lesser artefacts.


Message History

Eustachio struggles to resist.
The now-empty wand crumbles to dust.
The ufetubus closely misses you.
The ufetubus hits you but does no damage.
The quasit closely misses you. The quasit barely misses you.
The quasit claws you but does no damage.
Eustachio hits you but does no damage. You block the river rat's attack.
The ufetubus hits you.
* * * LOW HITPOINT WARNING * * *
The ufetubus hits you but does no damage.
The bat closely misses you.
The iron imp hits you but does no damage.
Okay, then.
You closely miss Eustachio.
Eustachio is severely wounded.
You closely miss the river rat. You closely miss the bat.
You miss the ufetubus. You hit the iron imp but do no damage.
You hit the river rat. You closely miss the quasit.
The bat hits you but does no damage. x2; The quasit barely misses you.
The quasit claws you but does no damage. x2
The ufetubus hits you but does no damage.
The ufetubus hits you.
* * * LOW HITPOINT WARNING * * *
Eustachio hits you with a +0 rapier!
* * * LOW HITPOINT WARNING * * *
The river rat barely misses you. The quasit closely misses you.
The quasit claws you but does no damage. x2
The river rat completely misses you. The ufetubus completely misses you.
You block the ufetubus's attack.
You hit Eustachio.
Eustachio is almost dead.
You slash the river rat! You hit the bat.
You kill the bat!
The bat's corpse disappears in a puff of smoke!
You hit the ufetubus but do no damage. You hit the iron imp but do no damage.
You hit the river rat. You barely miss the quasit.
Eustachio hits you with a +0 rapier.
* * * LOW HITPOINT WARNING * * *
The river rat bites you.
You die...
Cheibriados appreciates the motionlessness of death.

#####################
#......#(............
#...5r.#.............
#..r@5.#.............
#..§5@.#.............
#......#.............
#.†....#.............
#....########....####
##'#####..# #....# #
#.........# ♣....♣ #
#.........# ♣...♣♣ #
#.........# ♣♣.♣♣ #


You could see Eustachio, an iron imp (summoned), a quasit (summoned), 2 river
rats and an ufetubus (summoned).

Vanquished Creatures
  A black bear (D:4)
  A phantom (D:5)
  A hound (D:4)
  An orc priest (D:4)
  A sleepcap (D:4)
  3 iguanas (D:5)
  3 orc wizards (D:4)
  3 gnolls (D:3)
  4 adders
  10 orcs
  2 bats (D:3)
  5 endoplasms
  A giant cockroach (D:2)
  6 goblins
  9 hobgoblins
  4 jackals (D:1)
  2 quokkas
  4 ball pythons
  A frilled lizard (D:2)
  2 kobolds
64 creatures vanquished.

Notes
Turn   | Place    | Note
-------+----------+-------------------------------------------
     0 | D:1      | retardedninja the Mountain Dwarf Fighter began the quest
                  | for the Orb.
     0 | D:1      | Reached XP level 1. HP: 19/19 MP: 1/1
    55 | D:1      | Reached XP level 2. HP: 5/26 MP: 2/2
  1072 | D:2      | Reached XP level 3. HP: 33/33 MP: 3/3
  1291 | D:2      | Found Giptuc's Book Emporium.
  1694 | D:3      | Reached XP level 4. HP: 29/40 MP: 4/4
  2154 | D:4      | Found a staircase to the Ecumenical Temple.
  2163 | Temple   | Entered the Ecumenical Temple
  2246 | Temple   | Became a worshipper of Cheibriados the Contemplative
  2424 | D:4      | Reached XP level 5. HP: 26/46 MP: 5/5
  2743 | D:4      | Noticed a black bear
  2750 | D:4      | Killed a black bear
  2751 | D:4      | Reached XP level 6. HP: 32/55 MP: 6/6
  2895 | D:4      | Reached * piety under Cheibriados
  2923 | D:4      | Reached skill level 5 in Shields
  3082 | D:4      | Reached skill level 5 in Armour
  3217 | D:4      | Reached skill level 5 in Fighting
  3397 | D:5      | Entered Level 5 of the Dungeon
  3496 | D:5      | Identified the +2 short sword "Cukicoi" {vamp, rN++}
  3542 | D:5      | Found a runed translucent door.
  3543 | D:5      | Noticed Crazy Yiuf
  3658 | D:5      | Found a runed translucent gate.
  3658 | D:5      | Found a runed translucent gate.
  3659 | D:5      | Found a runed translucent gate.
  3669 | D:5      | Noticed Newt's ghost (novice GrFi)
  3856 | D:5      | Reached skill level 5 in Axes
  3856 | D:5      | Reached XP level 7. HP: 61/61 MP: 7/7
  3946 | D:5      | Noticed Eustachio
  3983 | D:5      | HP: 2/61 [Eustachio/+0 rapier (3)]
  3983 | D:5      | Slain by a river rat

Illustrated notes

Levels and vault maps discovered:
D:1:      minmay_arrival_jagged, layout_basic
D:2:      layout_loops_ring, serial_shops, shop, minmay_misc_feat_room
D:3:      layout_rooms, nrook_mini_vaults, grunt_ministairs_4,
          lightli_corner_chamber
D:4:      wander_river, layout_loops_cross, minmay_temple_entry_grid,
          kennysheep_nondescript, serial_library_hellmonk_double_dead_end
D:5:      layout_gridville, elyvilon_altar_5, gammafunk_ghost_necromancy,
          corexii_mini_fake_secret_closet, chequers_serial_rivers_marsh,
          uniq_eustachio, uniq_crazy_yiuf_cottage
Temple:   minmay_crystal_spiral_temple

Skill      XL: |  1  2  3  4  5  6 |
---------------+-------------------+-----
Axes           | 3 4 5 |  5.1
Fighting       | 4 5 |  5.3
Armour         | 4 5 |  5.3
Shields        | 4 5 |  5.3

Action                     |  1- 3 |  4- 6 |  7- 9 || total
---------------------------+-------+-------+-------++-------
  Melee: War axe           |    59 |   131 |    30 ||   220
  Evoke: Wand              |     3 |     3 |     1 ||     7
    Use: Potion            |       |     3 |       ||     3
 Armour: Scale mail        |    41 |       |       ||    41
         Chain mail        |    21 |   147 |    67 ||   235
  Dodge: Dodged            |    40 |    44 |    35 ||   119
  Block: Buckler           |    24 |    32 |    18 ||    74

Table legend: (Time is in decaauts)
 A = Elapsed time spent in this place.
 B = Non-inter-level travel time spent in this place.
 C = Inter-level travel time spent in this place.
 D = Time resting spent in this place.
 E = Time spent auto-exploring this place.
 F = Levels seen in this place.
 G = Mean time per level.
                   A        B        C        D        E       F      G
               +--------+--------+--------+--------+--------+-----+--------+
         Total |   4480 |   4146 |    334 |    120 |   3293 |   6 |  746.7 |
       Dungeon |   4293 |   4143 |    150 |    120 |   3293 |   5 |  858.6 |
        Temple |    187 |      4 |    183 |      0 |      0 |   1 |  187.0 |
               +--------+--------+--------+--------+--------+-----+--------+

Top non-repeatable levels by time:
     D:4: 1388 daAuts
     D:1: 1076 daAuts
     D:5: 749 daAuts
     D:2: 561 daAuts
     D:3: 516 daAuts
  Temple: 187 daAuts
